 Dungeon Crawl Stone Soup version 0.19.3-4-gbf9329e (webtiles) character file.

8684 TuxedoFelix the Fighter (level 11, -4/101 HPs)
             Began as a Minotaur Monk on Jan 28, 2017.
             Was an Elder of Cheibriados.
             Killed from afar by an electric eel (9 damage)
             ... with a bolt of electricity
             ... on level 11 of the Dungeon.
             The game lasted 01:12:07 (11264 turns).

TuxedoFelix the Fighter (Minotaur Monk)            Turns: 11264, Time: 01:12:07

Health: -4/101     AC: 11    Str: 34    XL:     11   Next: 13%
Magic:  16/16      EV: 11    Int: 16    God:    Cheibriados [****..]
Gold:   443        SH: 10    Dex: 23    Spells: 0 memorised, 10 levels left

rFire  . . .     SeeInvis +     n - +3 dagger "Killer Klown's Bane" {holy, Str+4}
rCold  . . .     Gourm    .     k - +3 scale mail
rNeg   . . .     Faith    .     i - +0 shield
rPois  .         Spirit   .     (helmet restricted)
rElec  .         Reflect  .     (no cloak)
rCorr  .         Harm     .     (no gloves)
MR     .....                    (no boots)
Stlth  ++........               (no amulet)
                                r - ring of see invisible
                                G - +3 ring of strength

@: very slow
A: retaliatory headbutt, horns 2
a: Bend Time, Temporal Distortion, Slouch, Renounce Religion


You were on level 11 of the Dungeon.
You worshipped Cheibriados.
Cheibriados was greatly pleased with you.
You were not hungry.

You visited 2 branches of the dungeon, and saw 12 of its levels.

You collected 659 gold pieces.
You spent 216 gold pieces at shops.

Inventory:

Hand Weapons
 g - a +0 falchion of flaming
 n - the +3 dagger "Killer Klown's Bane" (weapon) {holy, Str+4}
   (You found it on level 5 of the Dungeon)

   It has been blessed by the Shining One to cause great damage to the undead
   and demons.
   It affects your strength (+4).
Missiles
 q - 18 tomahawks (quivered)
Armour
 i - a +0 shield (worn)
 k - a +3 scale mail (worn)
Jewellery
 p - an uncursed ring of magical power
 r - a ring of see invisible (right hand)
 t - an uncursed ring of protection from fire
 A - an uncursed ring of wizardry
 C - a +5 ring of dexterity
 G - a +3 ring of strength (left hand)
Wands
 v - a wand of iceblast (13/15)
Scrolls
 a - a scroll of amnesia
 b - 3 scrolls of noise
 d - a scroll of magic mapping
 f - a scroll of teleportation
 h - 2 scrolls of recharging
 j - 8 scrolls of remove curse
 y - a scroll of fog
Potions
 c - a potion of invisibility
 e - 2 potions of cancellation
 m - 4 potions of brilliance
 o - 3 potions of curing
 z - a potion of cure mutation
Books
 l - a book of Changes

   Spells                             Type                      Level
   a - Beastly Appendage              Transmutation                1
   b - Sticks to Snakes               Transmutation                2
   c - Spider Form                    Transmutation/Poison         3
   d - Ice Form                       Ice/Transmutation            4
   e - Blade Hands                    Transmutation                5
 B - a book of Conjurations

   Spells                             Type                      Level
   a - Magic Dart                     Conjuration                  1
   b - Searing Ray                    Conjuration                  2
   c - Dazzling Spray                 Conjuration/Hexes            3
   d - Fulminant Prism                Conjuration/Hexes            4
   e - Iskenderun's Mystic Blast      Conjuration                  4
   f - Iskenderun's Battlesphere      Conjuration/Charms           5
Comestibles
 s - a bread ration
 u - 6 chunks of flesh
 x - 2 meat rations
 F - 12 fruits
 H - 2 beef jerkies
 I - 8 slices of pizza


   Skills:
 + Level 10.6 Fighting
 + Level 9.4 Short Blades
 + Level 8.4 Armour
 - Level 4.8 Dodging
 - Level 4.4 Stealth
 * Level 9.2 Invocations


You had 10 spell levels left.
You didn't know any spells.

Dungeon Overview and Level Annotations

Branches:
Dungeon (11/15)            Temple (1/1) D:6             Orc (0/2) D:11
   Lair: D:8-11

Altars:
Cheibriados
Elyvilon
Fedhas
Gozag
Kikubaaqudgha
Okawaru
Sif Muna
Vehumet
Xom

Shops:
D:5 ![[


Innate Abilities, Weirdness & Mutations

You reflexively headbutt those who attack you in melee.
You have a pair of horns on your head.


Message History

The bolt of electricity hits you!
A bat comes into view.
The electric eel shoots out a bolt of lightning at you!
The bolt of electricity hits you!
* * * LOW HITPOINT WARNING * * *
The electric eel shoots out a bolt of lightning at you!
The bolt of electricity hits the electric eel.
The electric eel completely resists.
The bolt of electricity misses you.
The electric eel shoots out a bolt of lightning at you!
The bolt of electricity hits you!
* * * LOW HITPOINT WARNING * * *
The electric eel shoots out a bolt of lightning at you!
The bolt of electricity hits you!
* * * LOW HITPOINT WARNING * * *
The bolt of electricity hits you!
* * * LOW HITPOINT WARNING * * *
The electric eel shoots out a bolt of lightning at you!
The bolt of electricity hits the electric eel.
The electric eel completely resists.
The bolt of electricity hits you!
You die...

....# ≈≈≈≈≈≈≈### ...
≈≈≈≈≈≈..# # #≈;≈≈# # .
...##.;;# #####
.....##.#.# ### ....+
.....##.#.# ... ....#
...##.#.##.## ...[#
#.##.#.#...#
....######......@...#
............#.#.##..#
............#'#........
###.....÷......####
.#.. # #............+
.#+ #............# #
#.>.)........#
#........r...#
##########...#


You could see 3 electric eels and a rat (wandering).

Vanquished Creatures
  A hydra (D:9)
  A gargoyle (D:11)
  A centaur skeleton (D:10)
  A komodo dragon (D:9)
  3 hornets
  2 dream sheep (D:9)
  A wraith (D:11)
  A shadow (D:11)
  The ghost of TuxedoFelix the Skirmisher, an amateur MiMo (D:4)
  2 wyverns (D:10)
  4 hungry ghosts
  3 yaks
  A water moccasin (D:7)
  3 sky beasts
  3 ice beasts
  2 orc warriors
  2 black bears
  4 phantoms
  5 centaurs
  6 ogres
  9 bullfrogs
  4 big kobolds
  A scorpion (D:7)
  2 crimson imps
  3 bullfrog zombies
  2 jellies
  A centaur zombie (D:9)
  3 quasits
  3 hounds
  4 orc priests
  Crazy Yiuf (D:5)
  2 bullfrog skeletons
  3 iguanas
  7 orc wizards
  11 worker ants
  A worker ant zombie (D:5)
  3 gnolls (D:6)
  A howler monkey skeleton (D:9)
  9 adders
  4 shadow imps
  An ooze (D:4)
  An adder zombie (D:9)
  A worm (D:3)
  A dart slug (D:4)
  8 leopard geckos
  23 orcs
  A ball python (D:5)
  8 giant cockroaches
  9 goblins
  8 hobgoblins
  8 jackals
  4 quokkas
  11 bats
  8 frilled lizards
  8 kobolds
  4 rats
225 creatures vanquished.

Vanquished Creatures (others)
  5 fungi (D:11)
  4 plants
9 creatures vanquished.

Grand Total: 234 creatures vanquished

Notes
Turn   | Place    | Note
-------+----------+-------------------------------------------
     0 | D:1      | TuxedoFelix the Minotaur Monk began the quest for the Orb.
     0 | D:1      | Reached XP level 1. HP: 19/19 MP: 0/0
   277 | D:1      | Reached XP level 2. HP: 26/27 MP: 1/1
   496 | D:1      | Reached skill level 4 in Fighting
   737 | D:2      | Reached XP level 3. HP: 33/33 MP: 2/2
  1235 | D:2      | Reached XP level 4. HP: 41/41 MP: 3/3
  2848 | D:4      | Reached XP level 5. HP: 43/47 MP: 4/4
  2933 | D:4      | Noticed an ogre
  2945 | D:4      | Killed an ogre
  2945 | D:4      | Reached skill level 5 in Fighting
  2945 | D:4      | Reached skill level 1 in Armour
  3380 | D:4      | Noticed an ogre
  3390 | D:4      | Killed an ogre
  3390 | D:4      | Reached XP level 6. HP: 27/56 MP: 5/5
  3467 | D:4      | Noticed TuxedoFelix's ghost (amateur MiMo)
  3485 | D:4      | Killed TuxedoFelix's ghost
  3485 | D:4      | Reached skill level 5 in Short Blades
  4132 | D:4      | Reached skill level 6 in Fighting
  4342 | D:4      | Reached XP level 7. HP: 58/63 MP: 6/6
  4802 | D:5      | Entered Level 5 of the Dungeon
  5148 | D:5      | Found Kiotaa's Armour Boutique.
  5185 | D:5      | Found Vaxketro's Antique Armour Boutique.
  5289 | D:5      | Got a slimy dagger
  5290 | D:5      | Identified the +3 dagger "Killer Klown's Bane" {holy, Str+4} (You found it on level 5 of the Dungeon)
  5315 | D:5      | Found Rioqyran's Distillery.
  5335 | D:5      | Bought a potion of curing for 36 gold pieces
  5335 | D:5      | Bought a potion of might for 48 gold pieces
  5335 | D:5      | Bought a potion of cancellation for 96 gold pieces
  5335 | D:5      | Bought a potion of curing for 36 gold pieces
  5439 | D:5      | Found a runed door.
  5443 | D:5      | Noticed Crazy Yiuf
  5451 | D:5      | Killed Crazy Yiuf
  5544 | D:5      | You fall through a shaft!
  5544 | D:6      | Found an opulent altar of Gozag.
  5554 | D:6      | Reached skill level 7 in Fighting
  5554 | D:6      | Reached XP level 8. HP: 61/73 MP: 7/7
  5593 | D:6      | Found a staircase to the Ecumenical Temple.
  5677 | Temple   | Entered the Ecumenical Temple
  5683 | Temple   | Became a worshipper of Cheibriados the Contemplative
  5683 | Temple   | Reached * piety under Cheibriados
  5683 | Temple   | Reached ** piety under Cheibriados
  5850 | D:6      | Reached skill level 1 in Invocations
  6795 | D:7      | Reached skill level 8 in Fighting
  7077 | D:7      | Reached XP level 9. HP: 79/81 MP: 11/11
  7121 | D:7      | Reached skill level 5 in Armour
  7304 | D:8      | Reached skill level 5 in Invocations
  7326 | D:8      | Reached *** piety under Cheibriados
  7791 | D:8      | Reached skill level 9 in Fighting
  8518 | D:9      | Reached XP level 10. HP: 48/91 MP: 11/14
  9166 | D:9      | Noticed a three-headed hydra
  9533 | D:9      | Found a deep blue altar of Sif Muna.
  9793 | D:9      | Found an iron altar of Okawaru.
  9854 | D:9      | Killed a three-headed hydra
  9854 | D:9      | Reached skill level 10 in Fighting
 10322 | D:10     | Entered Level 10 of the Dungeon
 11020 | D:11     | Found a staircase to the Orcish Mines.
 11032 | D:11     | Reached XP level 11. HP: 94/101 MP: 12/16
 11051 | D:11     | Reached **** piety under Cheibriados
 11264 | D:11     | HP: 5/101 [electric eel/bolt of electricity (5)]
 11264 | D:11     | Killed from afar by an electric eel

Skill      XL: |  1  2  3  4  5  6  7  8  9 10 |
---------------+-------------------------------+-----
Fighting       | 4 5 6 7 8 9 10 | 10.6
Stealth        | 2 3 4 |  4.4
Short Blades   | 4 5 6 7 8 9 |  9.4
Dodging        | 4 |  4.8
Armour         | 1 2 3 4 6 8 |  8.4
Invocations    | 4 6 9 |  9.2

Action                   |  1- 3 |  4- 6 |  7- 9 | 10-12 || total
-------------------------+-------+-------+-------+-------++-------
Melee: Short sword       |    86 |   163 |    76 |       ||   325
       Headbutt          |    13 |    30 |   110 |    86 ||   239
       Dagger            |       |       |   258 |   186 ||   444
       Falchion          |       |       |       |     7 ||     7
Invok: Bend Time         |       |       |     9 |    12 ||    21
       Temporal Distorti |       |       |     2 |     2 ||     4
  Use: Potion            |     2 |     2 |     5 |     5 ||    14
       Scroll            |       |     6 |     6 |     8 ||    20
 Stab: Sleeping          |     5 |       |     1 |     2 ||     8
  Eat: Chunk             |     1 |     1 |     5 |     1 ||     8
       Bread ration      |     1 |     1 |       |     1 ||     3
       Royal jelly       |       |     1 |       |       ||     1
       Meat ration       |       |       |     1 |     1 ||     2
Armor: Robe              |    10 |       |       |       ||    10
       Scale mail        |       |    50 |    93 |    55 ||   198
Dodge: Dodged            |    51 |    84 |   150 |    80 ||   365
Block: Shield            |       |       |   105 |    86 ||   191
       Rpst.: Falchion   |       |       |       |     1 ||     1
